 Dungeon Crawl Stone Soup version 0.22.1-7-g5c428e77e6 (webtiles) character file.

125 LabCoat the Chopper (level 5, -12/46 HPs)
             Began as a Hill Orc Fighter on Feb 10, 2019.
             Mangled by Sigmund
             ... wielding a +2 scythe of protection
              (13 damage)
             ... on level 3 of the Dungeon on Feb 13, 2019.
             The game lasted 00:08:22 (1504 turns).

LabCoat the Chopper (Hill Orc Fighter)              Turns: 1504, Time: 00:08:23

Health: -12/46     AC:  9    Str: 19    XL:     5   Next: 9%
Magic:  5/5        EV:  5    Int:  8    God:
Gold:   82         SH:  9    Dex: 11    Spells: 4/4 levels left

rFire    . . .     SeeInvis .   a - +0 war axe
rCold    . . .     Gourm    .   c - +0 shield
rNeg     . . .     Faith    .   e - +0 chain mail
rPois    .         Spirit   .   (no helmet)
rElec    .         Reflect  .   (no cloak)
rCorr    .         Harm     .   (no gloves)
MR       .....                  (no boots)
Stlth    ..........             (no amulet)
HPRegen  0.15/turn              (no ring)
MPRegen  0.09/turn              (no ring)

@: no status effects
A: no striking features
a: no special abilities


You were on level 3 of the Dungeon.
You were not hungry.

You visited 1 branch of the dungeon, and saw 3 of its levels.

You collected 82 gold pieces.

Inventory:

Hand Weapons
 a - a +0 war axe (weapon)
 k - a +0 hunting sling
Armour
 c - a +0 shield (worn)
 e - a +0 chain mail (worn)
Scrolls
 g - a scroll of enchant weapon {unknown}
 j - a scroll of identify
Potions
 d - a potion of might
 h - a potion of flight
 i - a potion of degeneration {unknown}
Comestibles
 b - 8 chunks of flesh
 f - 5 rations


   Skills:
 + Level 4.0 Fighting
 * Level 5.4 Axes
 + Level 3.6 Armour
 + Level 0.2 Dodging
 + Level 3.9 Shields


You had 4 spell levels left.
You didn't know any spells.
Your spell library was empty.

Dungeon Overview and Level Annotations

Branches:
Dungeon (3/15)

Altars:

Annotations:
D:3 Natasha, Sigmund


Message History

You hit something but do no damage. You barely miss the white imp.
Something hits you! The white imp gestures at you. The puff of frost hits you!
You barely miss something. You hit the white imp. Something hits you.
* * * LOW HITPOINT WARNING * * *
The white imp hits you but does no damage.
You closely miss something. You hit the white imp but do no damage.
The white imp gestures at you. The puff of frost hits you!
Something hits you but does no damage.
Your shield and chain mail prevent you from hitting something.
You hit the white imp. You block the white imp's attack. Something hits you.
* * * LOW HITPOINT WARNING * * *
The white imp grinds its teeth.
The white imp gestures at you. The puff of frost hits you!
* * * LOW HITPOINT WARNING * * *
You miss something. You hit the white imp. You block the white imp's attack.
Something hits you!
You die...

#....##
#....<#
.###.....#
.........#
#.####..#
#?......#
####..#)#
###..#.#
#....@#.<...#
#.#.{#5####.#
..>... ...
....... ..#.#
###.#.. ... #
#.### ..#. #
..... ... ..


You could see a white imp.

Vanquished Creatures
  A howler monkey (D:2)
  4 adders (D:2)
  A dart slug (D:1)
  A leopard gecko (D:2)
  An orc (D:3)
  5 giant cockroaches
  8 goblins
  3 hobgoblins
  6 jackals (D:2)
  4 kobolds (D:2)
  A quokka (D:2)
  6 bats
  5 rats
46 creatures vanquished.

Notes
Turn   | Place    | Note
-------+----------+-------------------------------------------
     0 | D:1      | LabCoat the Hill Orc Fighter began the quest for the Orb.
     0 | D:1      | Reached XP level 1. HP: 19/19 MP: 1/1
    61 | D:1      | Upgraded the game from 0.22.1-6-g1668fe2c40 to
                  | 0.22.1-7-g5c428e77e6
   221 | D:1      | Reached skill level 3 in Axes
   221 | D:1      | Reached XP level 2. HP: 25/27 MP: 2/2
   874 | D:2      | Reached XP level 3. HP: 29/33 MP: 3/3
   893 | D:2      | Reached skill level 4 in Axes
  1211 | D:2      | Reached skill level 5 in Axes
  1211 | D:2      | Reached XP level 4. HP: 36/40 MP: 4/4
  1248 | D:2      | HP: 2/40 [adder (4)]
  1314 | D:2      | Reached XP level 5. HP: 42/46 MP: 5/5
  1488 | D:3      | Noticed Sigmund
  1489 | D:3      | Noticed Natasha
  1503 | D:3      | HP: 1/46 [white imp/puff of frost[Natasha] (6)]
  1504 | D:3      | Mangled by Sigmund

Skill      XL: |  1  2  3  4 |
---------------+-------------+-----
Axes           | 3 5 |  5.4
Fighting       | 4 |  4.0
Armour         | |  3.6
Dodging        | |  0.2
Shields        | |  3.9

Action                   |  1- 3 |  4- 6 || total
-------------------------+-------+-------++-------
Melee: War axe           |   101 |    98 ||   199
  Use: Scroll            |     2 |       ||     2
       Potion            |       |     1 ||     1
  Eat: Chunk             |     1 |     1 ||     2
Armor: Scale mail        |    11 |       ||    11
       Chain mail        |    71 |    60 ||   131
Dodge: Dodged            |    29 |    23 ||    52
Block: Shield            |    84 |    47 ||   131
